 Dungeon Crawl Stone Soup version 0.13-a0-1762-gc06daff (webtiles) character file.

565 Kae the Chiller (level 6, -8/41 HPs)
             Began as a Demonspawn Ice Elementalist on June 21, 2013.
             Was an Initiate of Vehumet.
             Mangled by a gnoll
             ... wielding a +0,+0 halberd
              (11 damage)
             ... on Level 5 of the Dungeon on June 22, 2013.
             The game lasted 00:13:06 (3808 turns).

Kae the Chiller (Demonspawn Ice Elementalist)       Turns: 3808, Time: 00:13:06

HP  -8/41        AC  5     Str  9      XL: 6   Next: 69%
MP   4/12        EV 12     Int 18      God: Vehumet [......]
Gold 127         SH  4     Dex 13      Spells:  2 memorised,  8 levels left

Res.Fire  : . . .   See Invis. : .   p - +1 whip
Res.Cold  : + . .   Warding    : .   a - +0 robe
Life Prot.: . . .   Conserve   : .   (no shield)
Res.Poison: .       Res.Corr.  : .   (no helmet)
Res.Elec. : .       Clarity    : .   (no cloak)
Sust.Abil.: . .     Spirit.Shd : .   (no gloves)
Res.Mut.  : .       Stasis     : .   (no boots)
Res.Rott. : .       Flight     : .   (no amulet)
Saprovore : . . .                    (no ring)
                                     (no ring)

@: slightly resistant to hostile enchantments, unstealthy
A: hooves 1, cold resistance 1, spiny 1, AC +3, SH +4
a: Renounce Religion


You were on level 5 of the Dungeon.
You worshipped Vehumet.
Vehumet was noncommittal.
You were very hungry.

You visited 2 branches of the dungeon, and saw 6 of its levels.

You collected 107 gold pieces.

Inventory:

Hand weapons
 p - a +1,+1 whip (weapon)
Armour
 a - a +0 robe (worn)
Comestibles
 c - 4 bread rations
 l - a meat ration
 q - a rotting chunk of adder flesh
Scrolls
 e - 3 scrolls of teleportation
 n - a scroll of recharging
Jewellery
 u - an uncursed amulet of inaccuracy
Potions
 g - a potion of confusion {unknown}
 j - 2 potions of heal wounds
 k - 2 potions of restore abilities
 m - a potion of speed
 s - a potion of paralysis {unknown}
Books
 b - a book of Frost

   Spells                             Type                      Level
   *Freeze                            Ice                          1
   *Throw Frost                       Conjuration/Ice              2
   Ozocubu's Armour                   Charms/Ice                   3
   Throw Icicle                       Conjuration/Ice              4
   Summon Ice Beast                   Ice/Summoning                4
   Condensation Shield                Ice                          4


   Skills:
 - Level 1.7 Dodging
 - Level 1.7 Stealth
 + Level 3.1 Spellcasting
 * Level 4.4 Conjurations
 * Level 4.6 Ice Magic


You had 8 spell levels left.
You knew the following spells:

 Your Spells              Type           Power        Failure   Level  Hunger
a - Freeze                Ice            ###.         2%          1    None
b - Throw Frost           Conj/Ice       ###...       4%          2    ##.....


Dungeon Overview and Level Annotations

Branches:
Dungeon (5/27)             Temple (1/1) D:5

Altars:
Ashenzari
Cheibriados
Kikubaaqudgha
Sif Muna
Trog
Vehumet
Yredelemnul
Zin


Innate Abilities, Weirdness & Mutations

You have large cloven feet.
You are mostly covered in large bone plates (AC +3, SH +4).
Your flesh is cold resistant.
You are partially covered in sharp spines.


Message History

Things that are here:
a club; a leather armour; a gnoll corpse
Casting: Freeze
Confirm with . or Enter, or press ? or * to list all spells.
Aiming: Freeze
Press: ? - help, Shift-Dir - straight line, f - gnoll
Aim: a gnoll, wielding a halberd You freeze the gnoll.
The gnoll is heavily wounded.
The gnoll dodges your spines. The gnoll hits you with a halberd!
* * * LOW HITPOINT WARNING * * *
Casting: Freeze
Confirm with . or Enter, or press ? or * to list all spells.
Aiming: Freeze
Press: ? - help, Shift-Dir - straight line, f/p - gnoll
Aim: a gnoll, wielding a halberd (heavily wounded)
You freeze the gnoll.
The gnoll is almost dead.
The gnoll hits you with a halberd!
You die...

############+#
+....'@...%..#
#....#%g.....#
#....#.......#
##########''''#########
.....).................
≈≈≈≈≈≈≈≈≈≈≈....≈≈≈≈≈≈≈≈
≈≈≈≈≈≈≈≈≈≈≈....≈≈≈≈≈≈≈≈
≈≈≈≈≈≈≈≈≈≈≈....≈≈≈≈≈≈≈≈
.......................


You could see a gnoll.

Vanquished Creatures
  An ogre (D:4)
  A hound (D:4)
  2 iguanas
  A scorpion (D:4)
  A gnoll shaman (D:5)
  2 worker ants (D:4)
  3 gnolls (D:5)
  7 adders
  A giant mite (D:4)
  An inept feature mimic (D:2)
  4 oozes
  10 goblins
  8 hobgoblins
  3 jackals (D:5)
  A ball python (D:3)
  12 bats
  5 giant cockroaches
  3 giant geckos
  2 giant newts (D:1)
  10 kobolds
  A kobold skeleton (D:4)
  A quokka (D:2)
  7 rats
87 creatures vanquished.

Vanquished Creatures (others)
  A jackal (D:5)
  A goblin (D:1)
  A rat (D:2)
3 creatures vanquished.

Grand Total: 90 creatures vanquished

Notes
Turn   | Place    | Note
--------------------------------------------------------------
     0 | D:1      | Kae, the Demonspawn Ice Elementalist, began the quest for the Orb.
     0 | D:1      | Reached XP level 1. HP: 13/13 MP: 3/3
    78 | D:1      | Reached skill level 3 in Ice Magic
   347 | D:1      | Gained mutation: You are partially covered in sharp spines. [demonic ancestry]
   347 | D:1      | Reached XP level 2. HP: 17/19 MP: 1/4
   351 | D:1      | Learned a level 2 spell: Throw Frost
   947 | D:2      | Found a bloodstained altar of Trog.
   971 | D:2      | Gained mutation: You are partially covered in large bone plates (AC +2, SH +2). [demonic ancestry]
   971 | D:2      | Reached XP level 3. HP: 13/24 MP: 3/6
  1568 | D:2      | Gained mutation: You are mostly covered in large bone plates (AC +3, SH +4). [demonic ancestry]
  1568 | D:2      | Reached XP level 4. HP: 28/30 MP: 2/8
  1574 | D:2      | Found an ancient bone altar of Kikubaaqudgha.
  2125 | D:3      | Upgraded the game from 0.13-a0-1710-g777f831 to 0.13-a0-1762-gc06daff
  2474 | D:4      | Gained mutation: Your flesh is cold resistant. [demonic ancestry]
  2474 | D:4      | Reached XP level 5. HP: 35/35 MP: 2/10
  2769 | D:4      | Reached skill level 4 in Ice Magic
  3033 | D:4      | Noticed an ogre
  3043 | D:4      | Killed an ogre
  3043 | D:4      | Gained mutation: You have large cloven feet. [demonic ancestry]
  3043 | D:4      | Reached XP level 6. HP: 18/41 MP: 6/12
  3457 | D:5      | Entered Level 5 of the Dungeon
  3533 | D:5      | Found a staircase to the Ecumenical Temple.
  3544 | Temple   | Entered the Ecumenical Temple
  3554 | Temple   | Became a worshipper of Vehumet
  3807 | D:5      | HP: 2/41 [gnoll/halberd (11)]
  3808 | D:5      | Mangled by a gnoll

Action                   |  1- 3 |  4- 6 || total
-------------------------+-------+-------++-------
Melee: Unarmed           |    80 |     7 ||    87
       Whip              |       |    13 ||    13
 Cast: Freeze            |    56 |    97 ||   153
  Use: Scroll            |       |    13 ||    13
 Stab: Sleeping          |     2 |       ||     2
